 Dungeon Crawl Stone Soup version 0.19.5 (webtiles) character file.

73309 Beholder179 the Markself (level 15, 114/114 HPs)
             Began as a High Elf Hunter on Jan 22, 2017.
             Was the Champion of Dithmenos.
             Quit the game on level 2 of the Orcish Mines on June 30, 2018.
             The game lasted 03:50:33 (32242 turns).

Beholder179 the Markself (High Elf Hunter)         Turns: 32242, Time: 03:50:33

Health: 114/114    AC: 15    Str: 13    XL:     15   Next: 3%
Magic:  28/28      EV: 21    Int: 21    God:    Dithmenos [******]
Gold:   1913       SH:  0    Dex: 26    Spells: 8 memorised, 12 levels left

rFire  + + .     SeeInvis +     a - +5 dagger
rCold  . . .     Gourm    .     N - +3 leather armour {rF+}
rNeg   . . .     Faith    .     (no shield)
rPois  .         Spirit   .     y - +2 helmet
rElec  .         Reflect  .     l - +2 cloak {rF+}
rCorr  .         Harm     .     k - +0 pair of gloves
MR     +....                    V - +0 pair of boots
Stlth  +++++++++.               M - amulet of rage
                                H - +2 ring of slaying
                                t - ring "Ficoen" {Str+2 Int+2 Dex+6}

@: wreathed by umbra, drained
A: rugged brown scales 1, see invisible, sense surroundings 1, robust 1
a: Shadow Step, Shadow Form, Renounce Religion, Evoke Berserk Rage


You were on level 2 of the Orcish Mines.
You worshipped Dithmenos.
Dithmenos was exalted by your worship.
You were not hungry.

You visited 4 branches of the dungeon, and saw 21 of its levels.
You also visited: Bailey, Ice Cave and Volcano.

You collected 2452 gold pieces.
You spent 539 gold pieces at shops.

Inventory:

Hand Weapons
 a - a +5 dagger (weapon)
 b - a +1 shortbow
Missiles
 d - 170 arrows
Armour
 k - a +0 pair of gloves (worn)
 l - a +2 cloak of fire resistance (worn)
 m - a +0 shield of reflection {Donald}
 y - a +2 helmet (worn)
 N - a +3 leather armour of fire resistance (worn)
 V - a +0 pair of boots (worn)
Jewellery
 g - an uncursed ring of ice
 h - an uncursed ring of flight
 t - the ring "Ficoen" (left hand) {Str+2 Int+2 Dex+6}
   (You found it in a bailey)

   [ring of dexterity]

   It affects your strength (+2).
   It affects your intelligence (+2).
   It affects your dexterity (+6).
 D - an uncursed amulet of regeneration
 H - a +2 ring of slaying (right hand)
 K - an uncursed ring of protection from magic
 M - an amulet of rage (around neck)
Wands
 j - a wand of teleportation (2/9)
 A - a wand of disintegration (3/24)
Scrolls
 f - a scroll of enchant armour
 n - a scroll of summoning {unknown}
 o - 2 scrolls of enchant weapon {unknown}
 q - 5 scrolls of blinking {unknown}
 s - 2 scrolls of recharging
 w - 3 scrolls of remove curse
 x - a scroll of acquirement {unknown}
 z - a scroll of magic mapping
 B - a scroll of random uselessness {unknown}
 S - a scroll of silence {unknown}
 U - a scroll of torment {unknown}
 X - a scroll of vulnerability {unknown}
 Y - 2 scrolls of fog
Potions
 c - 3 potions of resistance
 i - 3 potions of cancellation
 v - 6 potions of brilliance
 E - 5 potions of haste
 J - 2 potions of magic
 L - 4 potions of lignification
 T - a potion of might
 W - a potion of agility
Miscellaneous
 P - a phial of floods (inert)
Comestibles
 p - 15 chunks of flesh
 u - 7 meat rations
 O - 7 beef jerkies


   Skills:
 + Level 9.0(7.8) Fighting
 - Level 11.0(9.6) Short Blades
 - Level 15.3(13.8) Bows
 - Level 11.0(9.6) Dodging
 * Level 12.5(11.1) Stealth
 * Level 3.4(2.3) Shields
 - Level 8.0(6.7) Spellcasting
 - Level 10.0(8.6) Hexes
 - Level 3.0(1.9) Necromancy
 + Level 8.4(7.1) Invocations


You had 12 spell levels left.
You knew the following spells:

 Your Spells              Type           Power        Failure   Level  Hunger
a - Corona                Hex            #####..      1%          1    None
b - Confuse               Hex            #####...     1%          3    #......
c - Dazzling Spray        Conj/Hex       ####..       8%          3    #......
d - Ensorcelled Hibernat  Hex/Ice        ####..       2%          2    None
e - Tukima's Dance        Hex            #####...     1%          3    #......
f - Passwall              Tmut/Erth      #.........   21%         2    None
g - Regeneration          Chrm/Necr      ##........   24%         3    #......
h - Animate Skeleton      Necr           N/A          6%          1    None


Dungeon Overview and Level Annotations

Branches:
Dungeon (12/15)            Temple (1/1) D:5            Lair (6/6) D:10
  Swamp (0/4) Lair:3       Spider (0/4) Lair:3        Slime (0/5) Lair:5
    Orc (2/2) D:9             Elf (0/3) Orc:2

Altars:
Dithmenos
Elyvilon
Fedhas
Hepliaklqana
Kikubaaqudgha
Makhleb
Nemelex Xobeh
Ru
Sif Muna
Trog
Xom
Yredelemnul
Zin
The Shining One
Beogh

Shops:
D:4 *   Orc:2 !

Annotations:
Lair:2 2 exclusions, Gastronok


Innate Abilities, Weirdness & Mutations

You are partially covered in rugged brown scales. (AC +1, +3% HP)
You have supernaturally acute eyesight. (SInv)
You passively map a small area around you.
You are robust. (+10% HP)


Message History

Dithmenos says: Spread the eternal night.
Press ? for a list of commands and other information.
Unknown command.
Unknown command.
Unknown command.
Save game and exit?
Welcome back, Beholder179 the High Elf Hunter.
Dithmenos says: Spread the eternal night.
Press ? for a list of commands and other information.
Okay, then.
p - 15 chunks of flesh (gained 3)
Items here: )) [[ a leather armour; a club; a ring mail; a club Save game and exit?
Welcome back, Beholder179 the High Elf Hunter.
Dithmenos says: Spread the eternal night.
Press ? for a list of commands and other information.
You are a level 15 High Elf Hunter.
You are 3% of the way to level 16.
Play time: 03:50:16 (32242 turns) Are you sure you want to abandon this character and quit the game? (Confirm with "yes".)

##..............................
#......#........................
##..............................
##.#...........................
####..#.......................
##....#.....[.8.8.........
*#...###..[[)%........... *#.#
##.[[##)''##.......
..##.@###.).[.###..... * ###[##
#8)[.8# ##.#.. #.# *##o..##
*#.... #.#, #...# #.#.# #.#,
'...' #.### #.#, .#...#., #.#
#.# ###.8.### #.# # #.# ,,#oTo#,
,#.### #.#, ,oo..' #.#.#


There were no monsters in sight!

Vanquished Creatures
  Kirke Donald
  An orc warlord
  A fire dragon Josephine
  The ghost of blejac99 the Carver, a journeyman HESk of Okawaru
  6 hydras Erica
  An ogre mage
  A catoblepas
  2 orc high priests
  7 death yaks Urug
  A hell knight
  3 orc knights
  2 hill giants
  2 orc sorcerers
  An oklob plant
  The ghost of fatfloppyjuicyveiny the Archer, a novice CeHu of Okawaru
  2 wolf spiders
  2 ugly things
  A cyclops
  10 elephants
  A guardian serpent
  13 black mambas
  4 molten gargoyles
  14 spiny frogs
  2 torpor snails
  3 rime drakes
  3 komodo dragons
  3 meliai
  2 jumping spiders
  3 hornets
  5 trolls
  4 two-headed ogres
  3 polar bears Grinder
  24 blink frogs
  A slime creature
  13 hippogriffs
  7 dream sheep
  3 redbacks
  A spriggan
  4 wraiths
  A basilisk
  45 yaks
  A hungry ghost
  A hog
  6 wyverns
  A mottled dragon
  6 steam dragons
  3 wargs
  A soldier ant
  16 water moccasins Menkaure
  A sky beast
  21 orc warriors
  8 porcupines
  2 swamp drakes
  An ice beast
  A phantom
  8 ogres
  5 centaurs
  14 crocodiles
  6 wolves
  A big kobold
  11 bullfrogs
  A gnoll sergeant
  A scorpion
  A wyvern skeleton
  2 wights
  6 howler monkeys
  7 lava snakes
  2 centaur zombies
  A crimson imp
  15 orc wizards
  6 hounds
  3 bullfrog skeletons
  2 jellies
  19 orc priests
  6 iguanas
  11 worker ants
  A hound skeleton Robin
  24 gnolls
  19 adders
  A river rat
  3 oozes
  2 adder skeletons
  4 worms
  3 dart slugs
  9 leopard geckos
  80 orcs
  8 bats
  4 giant cockroaches
  38 goblins
  15 hobgoblins
  5 jackals
  5 kobolds
  6 quokkas
  4 ball pythons
  5 frilled lizards
  6 rats
  A fungus
  2 plants
654 creatures vanquished.

Vanquished Creatures (collateral kills)
  A hornet
  A vampire
  3 orc warriors
  2 wights
  8 orcs
  6 goblins
  3 hobgoblins
24 creatures vanquished.

Vanquished Creatures (others)
  5 dancing weapons
  3 humans
  A bush
  27 fungi
  64 plants
100 creatures vanquished.

Grand Total: 778 creatures vanquished

Notes
Turn   | Place    | Note
-------+----------+-------------------------------------------
     0 | D:1      | Beholder179 the High Elf Hunter began the quest for the Orb.
     0 | D:1      | Reached XP level 1. HP: 14/14 MP: 2/2
     0 | D:1      | Noticed an ice dragon
     0 | D:1      | Noticed an orb of fire
     1 | D:1      | Noticed a tentacled monstrosity
     3 | D:1      | Noticed an orb of fire
     3 | D:1      | Noticed a shadow dragon
     6 | D:1      | Noticed an orb of fire
     7 | D:1      | Noticed an orb of fire
     9 | D:1      | Noticed an orb of fire
    11 | D:1      | Noticed an ice dragon
    13 | D:1      | Noticed an ice dragon
    17 | D:1      | Noticed a tentacled monstrosity
    17 | D:1      | Noticed a tentacled monstrosity
    21 | D:1      | Noticed an iron dragon
   289 | D:1      | Reached XP level 2. HP: 11/19 MP: 3/3
  1261 | D:2      | Reached skill level 6 in Bows
  1618 | D:2      | Reached XP level 3. HP: 24/24 MP: 4/4
  1670 | D:2      | Reached skill level 3 in Dodging
  1987 | D:2      | Noticed Robin
  2140 | D:1      | Killed Robin
  2261 | D:2      | Reached XP level 4. HP: 26/29 MP: 5/5
  2578 | D:2      | Found a basalt altar of Yredelemnul.
  3156 | D:3      | Reached skill level 7 in Bows
  3226 | D:3      | Reached skill level 1 in Shields
  3251 | D:3      | Reached XP level 5. HP: 16/34 MP: 6/6
  3787 | D:3      | Reached skill level 2 in Shields
  3974 | D:3      | Found a glowing golden altar of the Shining One.
  4303 | D:4      | Found a white marble altar of Elyvilon.
  4315 | D:4      | Reached XP level 6. HP: 34/39 MP: 7/7
  4321 | D:4      | Reached skill level 8 in Bows
  4321 | D:4      | Reached skill level 4 in Dodging
  4355 | D:4      | Found a shadowy altar of Dithmenos.
  4674 | D:4      | Reached skill level 3 in Shields
  4685 | D:4      | Became a worshipper of Dithmenos the Shadowed
  4956 | D:4      | Found Mytyl's General Store.
  4963 | D:4      | Bought a +0 pair of gloves for 58 gold pieces
  4963 | D:4      | Bought a scroll of fog for 26 gold pieces
  5220 | D:4      | Found a bloodstained altar of Trog.
  5314 | D:5      | Entered Level 5 of the Dungeon
  5320 | D:5      | Noticed fatfloppyjuicyveiny's ghost (novice CeHu)
  5383 | D:5      | Found a staircase to the Ecumenical Temple.
  5631 | D:5      | Reached XP level 7. HP: 31/45 MP: 8/8
  5751 | D:5      | Found a hazy altar of Hepliaklqana.
  5758 | D:5      | Found a burning altar of Makhleb.
  5768 | D:5      | Reached skill level 9 in Bows
  5771 | D:5      | Noticed Grinder
  5781 | D:5      | Killed Grinder
  5781 | D:5      | Reached skill level 5 in Dodging
  5923 | D:4      | Reached skill level 10 in Bows
  6012 | Temple   | Entered the Ecumenical Temple
  6063 | D:5      | Noticed Menkaure
  6103 | D:5      | Reached XP level 8. HP: 22/50 MP: 9/9
  6267 | D:5      | Killed fatfloppyjuicyveiny's ghost
  6267 | D:5      | Reached skill level 11 in Bows
  6267 | D:5      | Reached skill level 6 in Dodging
  6303 | D:5      | Killed Menkaure
  6859 | D:6      | Reached skill level 12 in Bows
  6958 | D:6      | Reached skill level 7 in Dodging
  7155 | D:6      | Found a hazy altar of Hepliaklqana.
  7157 | D:6      | Found a shimmering altar of Xom.
  7157 | D:6      | Noticed a glowing orange brain
  7158 | D:6      | Noticed a spectral ugly thing
  7158 | D:6      | Noticed a glowing orange brain
  7482 | D:6      | Found a sparkling altar of Nemelex Xobeh.
  7522 | D:7      | Upgraded the game from 0.19.1-28-ge1247f7 to 0.19.3
  7944 | D:7      | Identified a +0 rod of clouds (9/9) (You found it on level 7 of the Dungeon)
  8223 | D:7      | Reached * piety under Dithmenos
  8223 | D:7      | Reached XP level 9. HP: 50/54 MP: 10/10
  8810 | D:7      | Reached skill level 13 in Bows
  9231 | D:8      | Reached skill level 8 in Dodging
  9388 | D:8      | Found a glowing silver altar of Zin.
  9388 | D:8      | Found a deep blue altar of Sif Muna.
  9518 | D:8      | Got a fine quarterstaff
  9522 | D:8      | Learned a level 2 spell: Ensorcelled Hibernation
  9526 | D:8      | Learned a level 3 spell: Confuse
  9530 | D:8      | Learned a level 3 spell: Dazzling Spray
  9545 | D:8      | Found an ancient bone altar of Kikubaaqudgha.
  9687 | D:8      | Reached skill level 14 in Bows
  9790 | D:8      | Identified the +8 quarterstaff of Fubid {flame, Fragile rC++ Str+4} (You found it on level 8 of the Dungeon)
  9899 | D:8      | Reached ** piety under Dithmenos
  9983 | D:8      | Found a faded altar of an unknown god.
  9983 | D:8      | Found a faded altar of an unknown god.
  9989 | D:8      | Found a faded altar of an unknown god.
  9991 | D:8      | Found a blossoming altar of Fedhas.
  9992 | D:8      | Found a faded altar of an unknown god.
 10151 | D:9      | Noticed Erica
 10472 | D:9      | Found a staircase to the Orcish Mines.
 10698 | D:9      | Killed Erica
 10698 | D:9      | Reached skill level 15 in Bows
 10698 | D:9      | Reached skill level 9 in Dodging
 10698 | D:9      | Reached XP level 10. HP: 34/60 MP: 11/11
 11683 | D:9      | Reached skill level 1 in Hexes
 11706 | D:10     | Entered Level 10 of the Dungeon
 11766 | D:9      | Reached skill level 1 in Short Blades
 11766 | D:9      | Reached skill level 1 in Invocations
 11968 | D:10     | Found a staircase to the Lair.
 12008 | D:10     | Reached skill level 1 in Spellcasting
 12011 | D:10     | Learned a level 1 spell: Corona
 12151 | D:9      | Reached skill level 2 in Hexes
 12162 | D:9      | Reached skill level 2 in Short Blades
 12197 | D:9      | Reached skill level 2 in Invocations
 12278 | D:10     | Reached skill level 2 in Spellcasting
 12278 | D:10     | Reached skill level 3 in Hexes
 12783 | D:10     | Reached skill level 3 in Short Blades
 12928 | Lair:1   | Entered Level 1 of the Lair of Beasts
 12943 | Lair:1   | Found a frozen archway.
 12978 | Lair:1   | Reached skill level 3 in Spellcasting
 12978 | Lair:1   | Reached skill level 4 in Hexes
 12978 | Lair:1   | Reached skill level 3 in Invocations
 13045 | Lair:1   | Noticed a black mamba
 13057 | Lair:1   | Killed a black mamba
 13062 | Lair:1   | Learned a level 3 spell: Tukima's Dance
 13141 | IceCv    | Entered an ice cave
 13347 | Lair:1   | Reached skill level 4 in Short Blades
 13470 | Lair:1   | Noticed a spiny frog
 13485 | Lair:1   | Killed a spiny frog
 13485 | Lair:1   | Reached skill level 5 in Hexes
 13502 | Lair:1   | Noticed a five-headed hydra
 13544 | Lair:1   | Killed a five-headed hydra
 13544 | Lair:1   | Reached skill level 4 in Spellcasting
 13544 | Lair:1   | Reached XP level 11. HP: 33/64 MP: 1/18
 13768 | Lair:1   | Reached skill level 4 in Invocations
 14162 | Lair:1   | Noticed a four-headed hydra
 14202 | Lair:1   | Reached *** piety under Dithmenos
 14202 | Lair:1   | Reached skill level 5 in Short Blades
 14203 | Lair:1   | Got a dazzling rapier
 14204 | Lair:1   | Identified the cursed +1 rapier of Checks and Balances {flame, Str+6} (You found it on level 1 of the Lair of Beasts)
 14409 | Lair:2   | Learned a level 2 spell: Passwall
 14494 | Lair:2   | Reached skill level 6 in Hexes
 14646 | Lair:2   | Noticed Gastronok
 15142 | Lair:2   | Killed a four-headed hydra
 15142 | Lair:2   | Reached skill level 5 in Spellcasting
 15142 | Lair:2   | Reached skill level 5 in Invocations
 15482 | Lair:2   | Reached skill level 7 in Hexes
 15664 | Lair:3   | Reached skill level 6 in Short Blades
 15738 | Lair:3   | Noticed blejac99's ghost (journeyman HESk)
 16226 | Lair:3   | Found a staircase to the Swamp.
 16331 | Lair:3   | Found a hole to the Spider Nest.
 16333 | Lair:3   | Noticed a wolf spider
 16353 | Lair:3   | Reached skill level 6 in Spellcasting
 16432 | Lair:3   | Reached skill level 8 in Hexes
 16432 | Lair:3   | Reached skill level 6 in Invocations
 16597 | Lair:3   | Reached XP level 12. HP: 53/70 MP: 1/22
 16634 | Lair:3   | Reached skill level 7 in Short Blades
 17122 | Lair:3   | Reached skill level 9 in Hexes
 17320 | Lair:3   | Reached **** piety under Dithmenos
 17320 | Lair:3   | Reached skill level 7 in Spellcasting
 17628 | Lair:3   | Killed blejac99's ghost
 17628 | Lair:3   | Reached skill level 2 in Stealth
 17971 | Lair:3   | Reached skill level 8 in Short Blades
 18130 | Lair:4   | Noticed a death yak
 18151 | Lair:3   | Reached skill level 3 in Fighting
 18335 | Lair:4   | Reached skill level 3 in Stealth
 18512 | Lair:4   | Found a dark tunnel.
 18517 | Volcano  | Entered a volcano
 18812 | Volcano  | Found a burning altar of Makhleb.
 18812 | Volcano  | Noticed an ogre mage
 18844 | Volcano  | Killed an ogre mage
 18859 | Volcano  | Reached skill level 4 in Fighting
 18877 | Volcano  | Reached skill level 4 in Stealth
 18877 | Volcano  | Reached skill level 8 in Spellcasting
 19133 | Lair:4   | Reached skill level 9 in Short Blades
 19331 | Lair:4   | Noticed Kirke
 19429 | Lair:4   | Killed a death yak
 19483 | Lair:4   | Killed Kirke
 19483 | Lair:4   | Reached skill level 5 in Fighting
 19483 | Lair:4   | Reached skill level 5 in Stealth
 19827 | Lair:4   | Reached XP level 13. HP: 81/81 MP: 20/26
 20571 | Lair:4   | Reached skill level 6 in Stealth
 20902 | Lair:4   | Reached skill level 6 in Fighting
 20902 | Lair:4   | Reached skill level 10 in Short Blades
 21125 | Lair:5   | Reached skill level 10 in Hexes
 21299 | Lair:5   | Reached skill level 7 in Stealth
 21744 | Lair:5   | Found a staircase to the Slime Pits.
 22092 | Lair:6   | Entered Level 6 of the Lair of Beasts
 22445 | Lair:6   | Reached skill level 8 in Stealth
 22453 | Lair:6   | Reached skill level 10 in Dodging
 22813 | Lair:6   | Reached ***** piety under Dithmenos
 22872 | Lair:6   | Reached skill level 9 in Stealth
 23087 | Lair:6   | Reached skill level 7 in Fighting
 23087 | Lair:6   | Reached skill level 11 in Short Blades
 23342 | Lair:6   | Learned a level 3 spell: Regeneration
 23344 | Lair:6   | Learned a level 1 spell: Animate Skeleton
 23428 | Lair:6   | Reached XP level 14. HP: 84/92 MP: 3/27
 23918 | Lair:6   | Reached skill level 10 in Stealth
 25338 | Lair:6   | Reached skill level 7 in Invocations
 25652 | Lair:6   | Reached skill level 11 in Dodging
 26231 | Lair:6   | Reached skill level 8 in Fighting
 26231 | Lair:6   | Reached skill level 11 in Stealth
 26494 | Orc:1    | Entered Level 1 of the Orcish Mines
 26494 | Orc:1    | Noticed Urug
 26494 | Orc:1    | Noticed Josephine
 26519 | D:11     | Gained mutation: You are robust. (+10% HP) [potion of beneficial mutation]
 26580 | D:11     | Reached skill level 1 in Necromancy
 26821 | D:11     | Reached ****** piety under Dithmenos
 27713 | D:12     | Found a flagged portal.
 27719 | Bailey   | Entered a bailey
 28060 | Bailey   | Noticed an orc warlord
 28238 | Bailey   | Killed an orc warlord
 28409 | Bailey   | Got a serpentine tin ring
 28426 | Bailey   | Gained mutation: You are partially covered in rugged brown scales. (AC +1, +3% HP) [potion of beneficial mutation]
 28427 | Bailey   | Gained mutation: You have supernaturally acute eyesight. (SInv) [potion of beneficial mutation]
 28431 | Bailey   | Identified the ring "Ficoen" {Str+2 Int+2 Dex+6} (You found it in a bailey)
 28577 | D:12     | Reached skill level 2 in Necromancy
 29203 | D:4      | Bought a potion of beneficial mutation for 455 gold pieces
 29203 | D:4      | Gained mutation: You passively map a small area around you. [potion of beneficial mutation]
 29460 | D:9      | Killed Josephine
 29630 | Orc:1    | Killed Urug
 29630 | Orc:1    | Reached skill level 12 in Stealth
 29630 | Orc:1    | Reached skill level 8 in Invocations
 30429 | Orc:1    | Reached skill level 3 in Necromancy
 30715 | Orc:2    | Entered Level 2 of the Orcish Mines
 30715 | Orc:2    | Found Fijanus's Distillery.
 30738 | Orc:2    | Found a roughly hewn altar of Beogh.
 31002 | Orc:2    | Noticed Donald
 31067 | Orc:2    | Killed Donald
 31067 | Orc:2    | Reached skill level 9 in Fighting
 31337 | Orc:2    | Found a roughly hewn altar of Beogh.
 31545 | Orc:2    | Found a staircase to the Elven Halls.
 31585 | Orc:2    | Reached XP level 15. HP: 94/114 MP: 20/28
 32223 | Orc:2    | Noticed an orc warlord
 32238 | Orc:2    | Upgraded the game from 0.19.3 to 0.19.4-10-g532645f
 32238 | Orc:2    | Upgraded the game from 0.19.4-10-g532645f to 0.19.5
 32242 | Orc:2    | Quit the game

Skill      XL: |  1  2  3  4  5  6  7  8  9 10 11 12 13 14 |
---------------+-------------------------------------------+-----
Bows           | 6 7 8 10 12 15 | 15.3
Dodging        | 3 4 5 7 9 10 11 | 11.0
Shields        | 1 2 3 |  3.4
Hexes          | 5 8 9 10 | 10.0
Short Blades   | 4 6 9 11 | 11.0
Invocations    | 3 6 8 |  8.4
Spellcasting   | 4 6 8 |  8.0
Stealth        | 5 9 12 | 12.5
Fighting       | 5 7 9 |  9.0
Necromancy     | 3 |  3.0

Action                   |  1- 3 |  4- 6 |  7- 9 | 10-12 | 13-15 || total
-------------------------+-------+-------+-------+-------+-------++-------
Melee: Short sword       |   134 |   173 |       |       |       ||   307
       Dagger            |       |    28 |   322 |   349 |  1100 ||  1799
 Fire: Shortbow          |    35 |   122 |   274 |   700 |    80 ||  1211
Throw: Throwing net      |       |       |     2 |     1 |       ||     3
 Cast: Ensorcelled Hiber |       |       |     2 |    76 |   195 ||   273
       Confuse           |       |       |       |    82 |   124 ||   206
       Corona            |       |       |       |     3 |       ||     3
       Dazzling Spray    |       |       |       |    22 |    40 ||    62
       Passwall          |       |       |       |     5 |     3 ||     8
       Tukima's Dance    |       |       |       |       |    31 ||    31
       Regeneration      |       |       |       |       |     8 ||     8
Invok: Shadow Form       |       |       |       |       |     2 ||     2
       Shadow Step       |       |       |       |       |     1 ||     1
 Abil: Evoke Flight      |       |       |       |     4 |     4 ||     8
       Evoke Berserk Rag |       |       |       |     1 |     7 ||     8
Evoke: Wand              |       |     1 |     9 |     3 |     8 ||    21
       Phial of floods   |       |       |       |     2 |     2 ||     4
  Use: Scroll            |       |     8 |     7 |    17 |    17 ||    49
       Potion            |       |       |     6 |     9 |    18 ||    33
 Stab: Sleeping          |     1 |     1 |     2 |    45 |   122 ||   171
       Distracted        |       |       |     1 |     2 |     7 ||    10
       Confused          |       |       |       |    15 |    53 ||    68
       Invisible         |       |       |       |     2 |    35 ||    37
  Eat: Beef jerky        |     3 |       |     1 |     2 |     3 ||     9
       Chunk             |       |    20 |     5 |    12 |    24 ||    61
       Pizza             |       |       |     2 |       |     2 ||     4
       Meat ration       |       |       |       |     4 |     2 ||     6
       Royal jelly       |       |       |       |     1 |     1 ||     2
       Fruit             |       |       |       |       |     3 ||     3
Armor: Leather armour    |    48 |    13 |       |     6 |   143 ||   210
       Ring mail         |       |    66 |    57 |       |       ||   123
       Steam dragon scal |       |       |    45 |    66 |       ||   111
       Skin              |       |       |       |       |    60 ||    60
Dodge: Dodged            |   126 |   155 |   383 |   500 |   738 ||  1902
Block: Buckler           |       |     1 |       |       |       ||     1
